 Dungeon Crawl Stone Soup version 0.21-a0-85-ga0cb861 (webtiles) character file.

5554 nikopol the Cleaver (level 10, -9/91 HPs)
             Began as a Minotaur Berserker on June 25, 2017.
             Was a High Priest of Trog.
             Splashed by an orc wizard's acid (13 damage)
             ... on level 10 of the Dungeon.
             The game lasted 00:18:48 (9676 turns).

nikopol the Cleaver (Minotaur Berserker)            Turns: 9676, Time: 00:18:48

Health: -9/91      AC: 14    Str: 24    XL:     10   Next: 44%
Magic:  9/9        EV: 11    Int:  4    God:    Trog [*****.]
Gold:   424        SH:  0    Dex: 11    Spells: 9/9 levels left

rFire    . . .     SeeInvis .   D - +0 war axe (curse)
rCold    . . .     Gourm    .   (no shield)
rNeg     . . .     Faith    .   u - +0 chain mail
rPois    .         Spirit   .   k - +2 hat
rElec    .         Reflect  .   N - +0 cloak
rCorr    .         Harm     .   l - +0 pair of gloves
MR       .....                  y - +2 pair of boots
Stlth    ..........             O - amulet of regeneration
HPRegen  0.65/turn              G - ring of flight
MPRegen  0.11/turn              (no ring)

@: corroded
A: retaliatory headbutt, horns 2
a: Berserk, Trog's Hand, Brothers in Arms, Burn Spellbooks, Renounce Religion,
Evoke Flight


You were on level 10 of the Dungeon.
You worshipped Trog.
Trog was extremely pleased with you.
You were not hungry.

You visited 1 branch of the dungeon, and saw 10 of its levels.

You collected 424 gold pieces.

Inventory:

Hand Weapons
 a - a +0 hand axe
 z - a +0 shortbow
 D - a cursed +0 war axe (weapon)
Missiles
 A - 6 needles of confusion
 L - 39 arrows
Armour
 b - a +0 animal skin
 k - a +2 hat (worn)
 l - a +0 pair of gloves (worn)
 u - a +0 chain mail (worn)
 y - a +2 pair of boots (worn)
 N - a +0 cloak (worn)
 P - a +1 ring mail of magic resistance
Jewellery
 G - a ring of flight (left hand)
 O - an amulet of regeneration (around neck)
Wands
 h - a wand of iceblast (9/15)
 p - a wand of iceblast (6/15)
 w - a wand of acid (7/15)
 J - a wand of confusion (9/48)
Scrolls
 d - a scroll of noise {unknown}
 f - 7 scrolls of teleportation
 i - a scroll of fog {unknown}
 m - 2 scrolls of amnesia {unknown}
 n - 8 scrolls of remove curse
 r - 6 scrolls of identify
 s - 3 scrolls of blinking {unknown}
 B - a scroll of random uselessness {unknown}
 C - 2 scrolls of magic mapping {unknown}
 M - 2 scrolls of enchant weapon {unknown}
Potions
 e - 2 potions of invisibility {unknown}
 j - 2 potions of curing
 o - a potion of lignification {unknown}
 q - 2 potions of degeneration {unknown}
 t - a potion of berserk rage {unknown}
 v - 2 potions of magic {unknown}
 x - a potion of agility
Comestibles
 c - 5 bread rations
 g - 8 meat rations
 E - 7 fruits
 F - 5 chunks of flesh
 H - a royal jelly


   Skills:
 + Level 9.2 Fighting
 + Level 12.9 Axes
 + Level 7.9 Armour
 + Level 5.6 Dodging
 + Level 3.0 Stealth
   Level 2.0 Shields


You had 9 spell levels left.
You didn't know any spells.

Dungeon Overview and Level Annotations

Branches:
Dungeon (10/15)            Temple (0/1) D:7
   Lair: D:8-11         Orc: D:9-12

Altars:
Ashenzari
Dithmenos
Hepliaklqana
Kikubaaqudgha
Ru
Uskayaw
Vehumet
Wu Jian
Zin
The Shining One

Shops:
D:6 (


Innate Abilities, Weirdness & Mutations

You reflexively headbutt those who attack you in melee.
You have a pair of horns on your head.


Message History

You are too injured to fight recklessly!
You are too injured to fight recklessly!
You are too injured to fight recklessly!
You are too injured to fight recklessly!
You are too injured to fight recklessly!
You are too injured to fight recklessly!
You are too injured to fight recklessly!
Your chain mail prevents you from hitting the orc wizard.
The orc wizard is moderately wounded.
The orc wizard casts a spell.
The orc wizard flickers and vanishes!
Deactivating autopickup; reactivate with Ctrl-A.
You slash something! You miss something. You headbutt something.
You hear a zap.
A bolt of acid appears from out of thin air!
The bolt of acid hits you!
* * * LOW HITPOINT WARNING * * *
You are splashed with acid!
The acid burns!
You die...

#))# #..# #))#
#..# #..# #..#
#..# #..# #..#
#..# #..# #..#
...# #..#
...########..#
......{@.....#
.............#
...#######.......
. #.......%
#..###### #..#
#..# #..#


There were no monsters in sight!

Vanquished Creatures
  A two-headed ogre (D:8)
  Pikel (D:8)
  Maurice (D:9)
  A troll (D:9)
  Grinder (D:4)
  A wyvern (D:10)
  Menkaure (D:5)
  A water moccasin (D:9)
  A sky beast (D:5)
  An ice beast (D:9)
  A black bear (D:8)
  3 ogres
  2 phantoms
  2 slaves (D:8)
  4 centaurs
  4 bullfrogs
  A wyvern zombie (D:6)
  3 scorpions
  9 howler monkeys
  3 wights (D:6)
  A crimson imp (D:8)
  A centaur zombie (D:3)
  5 hounds
  A jelly (D:7)
  A bullfrog skeleton (D:10)
  7 orc priests
  2 centaur skeletons
  11 orc wizards
  4 iguanas
  7 worker ants
  A killer bee zombie (D:6)
  2 hound skeletons
  A hound zombie (D:9)
  A worker ant zombie (D:7)
  9 gnolls
  A howler monkey zombie (D:5)
  6 adders
  2 shadow imps (D:6)
  An ooze (D:1)
  3 adder skeletons
  3 worms
  2 dart slugs
  7 leopard geckos
  28 orcs
  6 bats
  5 giant cockroaches
  9 hobgoblins
  11 jackals
  6 kobolds
  4 quokkas
  10 frilled lizards
  10 goblins
  A leopard gecko skeleton (D:4)
  A quokka skeleton (D:6)
  8 rats
  6 plants (D:5)
226 creatures vanquished.

Vanquished Creatures (others)
  A slave (D:8)
1 creature vanquished.

Grand Total: 227 creatures vanquished

Notes
Turn   | Place    | Note
-------+----------+-------------------------------------------
     0 | D:1      | nikopol the Minotaur Berserker began the quest for the Orb.
     0 | D:1      | Reached XP level 1. HP: 19/19 MP: 0/0
   126 | D:1      | Reached skill level 4 in Axes
   325 | D:1      | Reached XP level 2. HP: 22/27 MP: 1/1
   835 | D:1      | Reached XP level 3. HP: 33/33 MP: 2/2
  1267 | D:2      | Reached ** piety under Trog
  1409 | D:2      | Reached XP level 4. HP: 8/41 MP: 3/3
  1411 | D:2      | HP: 3/61 [gnoll/spear (5)]
  1760 | D:2      | Reached skill level 5 in Axes
  2039 | D:2      | Reached skill level 5 in Fighting
  2177 | D:3      | Reached XP level 5. HP: 27/48 MP: 4/4
  2330 | D:3      | Found a shattered altar of Ashenzari.
  2534 | D:3      | Reached skill level 1 in Stealth
  2541 | D:3      | Reached skill level 6 in Axes
  2541 | D:3      | Reached skill level 1 in Shields
  2541 | D:3      | Reached XP level 6. HP: 19/56 MP: 5/5
  2995 | D:3      | Reached *** piety under Trog
  3730 | D:4      | Reached skill level 7 in Axes
  3730 | D:4      | Reached XP level 7. HP: 31/62 MP: 6/6
  4326 | D:4      | Noticed Grinder
  4355 | D:4      | Killed Grinder
  4355 | D:4      | Reached skill level 8 in Axes
  4755 | D:4      | Reached XP level 8. HP: 53/70 MP: 7/7
  5039 | D:5      | Entered Level 5 of the Dungeon
  5202 | D:5      | Reached skill level 9 in Axes
  5294 | D:5      | Noticed Menkaure
  5297 | D:5      | Killed Menkaure
  5297 | D:5      | Reached **** piety under Trog
  5304 | D:5      | Found a sacrificial altar of Ru.
  5519 | D:5      | Reached skill level 5 in Dodging
  5551 | D:5      | Received a gift from Trog
  6302 | D:6      | Reached skill level 10 in Axes
  6445 | D:6      | Found Eggilla's Antique Weapon Boutique.
  6483 | D:6      | Found a hide-covered altar of Uskayaw.
  6485 | D:6      | Noticed a dagger
  6485 | D:6      | Noticed a dagger
  6804 | D:6      | Reached XP level 9. HP: 79/79 MP: 8/8
  7035 | D:7      | Reached skill level 5 in Armour
  7297 | D:7      | Found a staircase to the Ecumenical Temple.
  7728 | D:7      | Found a shadowy altar of Dithmenos.
  7728 | D:7      | Found a glowing golden altar of the Shining One.
  7945 | D:8      | Noticed Pikel
  7951 | D:8      | Killed Pikel
  7951 | D:8      | Reached skill level 11 in Axes
  8114 | D:8      | Noticed a two-headed ogre
  8127 | D:8      | Killed a two-headed ogre
  8127 | D:8      | Reached skill level 12 in Axes
  8697 | D:8      | Reached XP level 10. HP: 73/88 MP: 9/9
  8942 | D:9      | Reached ***** piety under Trog
  9043 | D:9      | Found a glowing silver altar of Zin.
  9080 | D:9      | Noticed Maurice
  9116 | D:9      | Killed Maurice
  9435 | D:9      | Found a radiant altar of Vehumet.
  9438 | D:9      | Found an ancient bone altar of Kikubaaqudgha.
  9439 | D:9      | Found a hazy altar of Hepliaklqana.
  9439 | D:9      | Found an ornate altar of the Wu Jian Council.
  9485 | D:10     | Entered Level 10 of the Dungeon
  9676 | D:10     | HP: 4/91 [something/wand of acid (?/15) (23)]
  9676 | D:10     | Splashed by an orc wizard's acid

Vault maps used:
D:1:      minmay_arrival_wavy_path
D:2:      first_bread
D:3:      evilmike_ruin_ashenzari, minmay_cupped
D:4:      st_stairs_1, minmay_statues_item, uniq_grinder
D:5:      nicolae_overflow_crystal_walls, wad_woods_river_04,
          lemuel_another_geyser, uniq_menkaure
D:6:      dancing_weapons_uskayaw, serial_shops, shop
D:7:      lemuel_ice_spiral_2, gammafunk_temple_overflow_wave,
          minmay_temple_entry_statues
D:8:      uniq_pikel
D:9:      minitemple, kennysheep_mini_moat, uniq_maurice
D:10:     lair_entry_dummy, uniq_grum, uniq_joseph

Skill      XL: |  1  2  3  4  5  6  7  8  9 10 |
---------------+-------------------------------+-----
Axes           | 4 5 6 7 8 10 12 | 12.9
Fighting       | 4 5 6 7 8 9 |  9.2
Dodging        | 3 4 5 |  5.6
Stealth        | 1 2 3 |  3.0
Shields        | 1 2 |  2.0
Armour         | 4 7 |  7.9

Action                   |  1- 3 |  4- 6 |  7- 9 | 10-12 || total
-------------------------+-------+-------+-------+-------++-------
Melee: Hand axe          |    99 |   124 |   339 |       ||   562
       Headbutt          |    14 |    20 |   120 |    21 ||   175
       War axe           |       |       |    91 |   120 ||   211
Invok: Berserk           |     1 |     2 |     5 |       ||     8
       Burn Spellbooks   |       |       |       |     1 ||     1
  Use: Scroll            |       |     1 |     1 |     1 ||     3
 Stab: Sleeping          |       |     3 |     1 |       ||     4
  Eat: Chunk             |     2 |    10 |    20 |     4 ||    36
Armor: Animal skin       |    14 |    17 |    12 |       ||    43
       Chain mail        |       |       |   110 |    71 ||   181
Dodge: Dodged            |    53 |    39 |   148 |    50 ||   290
Block: Shield            |       |    29 |       |       ||    29
